 Dungeon Crawl Stone Soup version 0.28.0-43-g3370ac3207 (webtiles) character file.

Game seed: 8458935496462648559

109 nickcage the Firebug (level 4, -1/24 HPs)
             Began as a Gargoyle Fire Elementalist on Mar 29, 2022.
             Slain by a gnoll
             ... wielding a +0 flail of protection
              (9 damage)
             ... on level 1 of the Dungeon.
             The game lasted 00:09:10 (2203 turns).

nickcage the Firebug (Gargoyle Fire Elementalist)   Turns: 2203, Time: 00:09:11

Health: -1/24      AC:  5    Str: 11    XL:     4   Next: 90%
Magic:  0/7        EV: 11    Int: 18    God:
Gold:   67         SH:  0    Dex: 10    Spells: 4/7 levels left

rFire   . . .      SeeInvis .   b - +0 dagger
rCold   . . .      Faith    .   (no shield)
rNeg    + . .      Spirit   .   a - +0 robe
rPois   ∞          Reflect  .   (no helmet)
rElec   +          Harm     .   (no cloak)
rCorr   .          Rampage  .   (no gloves)
Will    .....                   (no boots)
Stlth   ++........              (no amulet)
HPRegen 0.08/turn               (no ring)
MPRegen 0.10/turn               (no ring)

@: no status effects
A: sickness immunity, AC +3, negative energy resistance 1, electricity
resistance, torment resistance 1, petrification resistance
a: no special abilities


You were on level 1 of the Dungeon.
You visited 1 branch of the dungeon, and saw 2 of its levels.

You collected 67 gold pieces.

Inventory:

Hand Weapons
 b - a +0 dagger (weapon)
Armour
 a - a +0 robe (worn)
Scrolls
 d - a scroll of noise {unknown}
 f - a scroll of fog {unknown}
 g - a scroll of magic mapping {unknown}
Potions
 c - a potion of ambrosia {unknown}
 e - a potion of curing {unknown}
 h - a potion of lignification {unknown}


   Skills:
 - Level 0.2 Short Blades
 - Level 1.5 Dodging
 - Level 2.1 Stealth
 - Level 2.0 Spellcasting
 + Level 1.7 Conjurations
 + Level 5.2 Fire Magic


You had 4 spell levels left.
You knew the following spells:

 Your Spells              Type           Power      Damage    Failure   Level
a - Foxfire               Conj/Fire      56%        2x1d6     4%          1
b - Scorch                Fire           40%        2d7       3%          2

Your spell library contained the following spells:

 Spells                   Type           Power      Damage    Failure   Level
 Conjure Flame            Conj/Fire      14%        6-21      13%         3
 Inner Flame              Hex/Fire       11%        N/A       19%         3
 Flame Wave               Conj/Fire      14%        2d6       41%         4


Dungeon Overview and Level Annotations

Branches:
Dungeon (2/15)

Altars:


Innate Abilities, Weirdness & Mutations

You are immune to sickness and miasma.
Your stone body is resilient. (AC +3)
You are immune to poison.
You resist negative energy. (rN+)
You are resistant to electric shocks. (rElec)
You are resistant to unholy torment.
You are immune to petrification.


Message History

The gnoll hits you with a +0 club.
* * * LOW HITPOINT WARNING * * *
You hit the gnoll.
You kill the gnoll!
You start resting.
You are no longer glowing.
You start resting.
Magic restored.
You start resting.
HP restored.
Items here: )) [ ÷÷.
There is a stone staircase leading down here.
You climb downwards.
The gnoll hits you with a +0 flail. The gnoll closely misses you.
There is a stone staircase leading up here.
Flames lash the gnoll.
The gnoll is heavily wounded.
The gnoll's fire resistance burns away.
The endoplasm quivers.
The gnoll hits you but does no damage. The gnoll barely misses you.
Flames lash the gnoll.
The gnoll is burned terribly!
You kill the gnoll!
The gnoll hits you with a +0 flail of protection.
Flames lash the endoplasm.
You kill the endoplasm!
The gnoll hits you with a +0 flail of protection!
A gnoll comes into view. It is wielding a +2 vorpal flail.
The gnoll barely misses you.
You climb upwards.
There is a stone staircase leading down here.
Casting: Scorch (safe; 3% risk of failure)
Confirm with . or Enter, or press ? or * to list all spells.
You conjure some foxfire!
The gnoll misses you.
You hit the gnoll but do no damage.
The foxfire hits the gnoll but does no damage.
The foxfire hits the gnoll.
The gnoll is lightly wounded.
The gnoll closely misses you.
The gnoll hits you with a +0 flail of protection!
You die...

### #.# ### #.# #.. #.# #.#
#.#### ###############.# #.##.#
#.......)........ #>##.#
#.###########.#..
#.##.####.###########.#..
#.##...>@................
#######.##..#g#.###.#..........
#...........................#..
#######.##..#.#................
#......#...###.#.###.#....
#..##..#.#.# #.#.# #.#.#..
######......#.#.###.#.###.#.#..
#..............................
##.###..............#..##...#..


You could see a gnoll.

Vanquished Creatures
  A gnoll shaman (D:1)
  2 gnolls
  2 adders (D:2)
  A bat (D:1)
  5 endoplasms
  2 giant cockroaches
  2 goblins (D:1)
  6 hobgoblins
  A jackal (D:1)
  5 quokkas (D:1)
  7 ball pythons
  2 frilled lizards (D:1)
  5 kobolds
  3 rats (D:1)
44 creatures vanquished.

Vanquished Creatures (others)
  21 foxfires (D:1)
21 creatures vanquished.

Grand Total: 65 creatures vanquished

Notes
Turn   | Place    | Note
-------+----------+-------------------------------------------
     0 | D:1      | nickcage the Gargoyle Fire Elementalist began the quest for
                  | the Orb.
     0 | D:1      | Reached XP level 1. HP: 10/10 MP: 3/3
   277 | D:1      | Reached XP level 2. HP: 15/15 MP: 5/5
   306 | D:1      | Learned a level 2 spell: Scorch
   754 | D:1      | Reached skill level 4 in Fire Magic
   900 | D:1      | Reached XP level 3. HP: 18/19 MP: 3/6
  1716 | D:2      | Reached XP level 4. HP: 24/24 MP: 4/7
  1970 | D:1      | Reached skill level 5 in Fire Magic
  2203 | D:1      | Slain by a gnoll

Illustrated notes

Levels and vault maps discovered:
D:1:      minmay_arrival_checkered_box, layout_basic, minmay_octomino_e4
D:2:      layout_rooms, basic_altar, st_stairs_5,
          wander_ebering_terrifying_dragon_lair

Skill      XL: |  1  2  3  4 |
---------------+-------------+-----
Fire Magic     | 4 5 |  5.2
Short Blades   | |  0.2
Dodging        | |  1.5
Stealth        | |  2.1
Spellcasting   | |  2.0
Conjurations   | |  1.7

Action                   |  1- 3 |  4- 6 || total
-------------------------+-------+-------++-------
Melee: Dagger            |    48 |     3 ||    51
       Unarmed           |     5 |       ||     5
 Cast: Foxfire           |    10 |     3 ||    13
       Scorch            |    25 |    12 ||    37
 Stab: Sleeping          |     2 |       ||     2
Armor: Robe              |    26 |     2 ||    28
Dodge: Dodged            |    41 |     9 ||    50
